 Dungeon Crawl Stone Soup version 0.31-a0-536-ga3e2962e35 (webtiles) character file.

Game seed: 3351222626486155105

116 Morbidden the Conjurer (level 4, 0/29 (32) HPs)
             Began as a Demonspawn Conjurer on Aug 13, 2023.
             Slain by a goblin
             ... wielding a +2 dagger of draining
             ... led by Robin
              (3 damage)
             ... on level 3 of the Dungeon.
             The game lasted 00:02:38 (2784 turns).

Morbidden the Conjurer (Demonspawn Conjurer)        Turns: 2784, Time: 00:02:39

HP:   0/29 (32)     AC:  3    Str:  7    XL:     4   Next: 69%
MP:   1/7           EV: 11    Int: 22    God:
Gold: 62            SH:  4    Dex: 13    Spells: 5/8 levels left

rFire   . . .        a - +1 short sword
rCold   . . .        (no shield)
rNeg    . . .        j - +0 leather armour
rPois   .            (helmet restricted)
rElec   .            (no cloak)
rCorr   .            (no gloves)
SInv    .            (no boots)
Will    +....        (no amulet)
Stlth   +++          k - ring of willpower
HPRegen 0.24/turn    (no ring)
MPRegen 0.10/turn

%: no passive effects
@: drained
A: horns 1, thin skeletal structure 1, condensation shield
a: no special abilities


You were on level 3 of the Dungeon.
You visited 1 branch of the dungeon, and saw 3 of its levels.

You collected 62 gold pieces.

Inventory:

Hand Weapons
 a - a +1 short sword (weapon)
Armour
 j - a +0 leather armour (worn)
Jewellery
 c - a ring of flight
 k - a ring of willpower (left hand)
Scrolls
 d - a scroll of brand weapon {unknown}
 e - a scroll of enchant weapon
 h - a scroll of identify {unknown}
Potions
 g - a potion of mutation {unknown}
 i - a potion of invisibility {unknown}


   Skills:
 * Level 1.4 Fighting
 + Level 0.1 Short Blades
 * Level 1.2 Armour
 * Level 2.1 Dodging
 + Level 1.9 Stealth
 * Level 2.6 Spellcasting
 * Level 4.9 Conjurations


You had 5 spell levels left.
You knew the following spells:

 Your Spells              Type           Power      Damage    Failure   Level
a - Magic Dart            Conj           96%        1d7       2%          1
b - Searing Ray           Conj           48%        2d6       3%          2

Your spell library contained the following spells:

 Spells                   Type           Power      Damage    Failure   Level
 Dazzling Flash           Conj/Hex       26%        N/A       21%         3
 Call Canine Familiar     Summ           2%         N/A       50%         3
 Portal Projectile        Hex/Tloc       4%         N/A       50%         3
 Fulminant Prism          Conj/Hex       6%         3d7       56%         4
 Iskenderun's Mystic Bla  Conj/Tloc      13%        2d5       56%         4
 Leda's Liquefaction      Hex/Erth       1%         N/A       88%         4


Dungeon Overview and Level Annotations

Branches:
Dungeon (3/15)

Altars:

Shops:
D:2 *


Innate Abilities, Weirdness & Mutations

You have a pair of small horns on your head.
You have a somewhat thin skeletal structure. (Dex +2, Stealth+)
A meltable shield of frost defends you. (SH +4)


Message History

Aim: a goblin, wielding a +0 long sword (strong, 100% to hit)
The magic dart hits the goblin.
The goblin is heavily wounded.
The goblin hits you with a +0 long sword!
You block the goblin's attack.
Unknown command.
Casting: Magic Dart (safe; 2% risk of failure)
Confirm with . or Enter, or press ? or * to list all spells.
Aiming: Searing Ray (safe; 3% risk of failure)
Press: ? - help, Shift-Dir - straight line, f/p - goblin
Aim: a goblin, wielding a +0 long sword (moderately wounded, strong, 74% to hit)
The searing ray hits the goblin!
You kill the goblin! (Press . to maintain the ray.)
The goblin shoots a sling bullet.
The sling bullet hits you but does no damage.
The goblin hits you with a +2 dagger of draining.
You feel drained. The hobgoblin hits you.
Unknown command.
The searing ray hits the goblin!
You kill the goblin!
The goblin hits you with a +2 dagger of draining.
* * * LOW HITPOINT WARNING * * *
You feel drained.
* * * LOW HITPOINT WARNING * * *
The hobgoblin hits you.
* * * LOW HITPOINT WARNING * * *
Unknown command.
Unknown command.
Unknown command.
Okay, then.
Unknown command.
Unknown command.
The searing ray hits the goblin!
You kill the goblin!
The searing ray hits the goblin.
You kill the goblin!
The hobgoblin closely misses you.
The goblin hits you with a +2 dagger of draining.
You die...

...##.....##
.............##
)............)#
.............†#
..............#
..........[...#
...........)..#
.........).g).#
...)....)))@.##
......#...g)##
####.########
#.


You could see a hobgoblin (strong) and a goblin (strong).

Vanquished Creatures
  Robin (D:3)
  4 gnolls (D:2)
  An adder (D:2)
  3 worms (D:2)
  A dart slug (D:1)
  5 endoplasms
  A giant cockroach (D:1)
  12 goblins
  7 hobgoblins
  A quokka (D:2)
  A ball python (D:2)
  A bat (D:1)
  5 frilled lizards
  4 kobolds
  2 rats
49 creatures vanquished.

Notes
Turn   | Place    | Note
-------+----------+-------------------------------------------
     0 | D:1      | Morbidden the Demonspawn Conjurer began the quest for the
                  | Orb.
     0 | D:1      | Reached XP level 1. HP: 13/13 MP: 3/3
   252 | D:1      | Gained mutation: You have a somewhat thin skeletal
                  | structure. (Dex +2, Stealth+) [demonic ancestry]
   252 | D:1      | Reached XP level 2. HP: 20/20 MP: 3/5
   691 | D:1      | Learned a level 2 spell: Searing Ray
  1252 | D:2      | Found Amogin's Assorted Antiques.
  1531 | D:2      | Reached skill level 1 in Fighting
  1531 | D:2      | Gained mutation: You have a pair of small horns on your
                  | head. [demonic ancestry]
  1531 | D:2      | Reached XP level 3. HP: 26/26 MP: 1/6
  1964 | D:2      | Reached skill level 1 in Armour
  2042 | D:2      | Gained mutation: A meltable shield of frost defends you.
                  | (SH +4) [demonic ancestry]
  2042 | D:2      | Reached XP level 4. HP: 32/32 MP: 2/7
  2762 | D:3      | Noticed Robin
  2780 | D:3      | Killed Robin
  2784 | D:3      | Slain by a goblin

Illustrated notes

Levels and vault maps discovered:
D:1:      wheals_arrival_shading, layout_loops_ring, st_stairs_5
D:2:      layout_basic, serial_shops, nicolae_shop_tiny_real_fake_doors,
          skrybe_limestone_x
D:3:      layout_rooms, uniq_robin

Skill      XL: |  1  2  3 |
---------------+----------+-----
Fighting       | 1 |  1.4
Dodging        | 2 |  2.1
Armour         | 1 |  1.2
Short Blades   | |  0.1
Stealth        | |  1.9
Spellcasting   | |  2.6
Conjurations   | |  4.9

Action                     |  1- 3 |  4- 6 || total
---------------------------+-------+-------++-------
  Melee: Unarmed           |    16 |       ||    16
         Short sword       |    22 |    12 ||    34
         Punch             |     1 |       ||     1
         Headbutt          |     2 |     1 ||     3
   Cast: Magic Dart        |    66 |    35 ||   101
         Searing Ray       |     3 |     2 ||     5
    Use: Scroll            |       |     2 ||     2
         Potion            |       |     1 ||     1
   Stab: Sleeping          |     1 |     1 ||     2
 Armour: Robe              |     7 |       ||     7
         Leather armour    |       |     5 ||     5
  Dodge: Dodged            |    21 |     8 ||    29
  Block: Other             |       |     1 ||     1

Table legend: (Time is in decaauts)
 A = Elapsed time spent in this place.
 B = Non-inter-level travel time spent in this place.
 C = Inter-level travel time spent in this place.
 D = Time resting spent in this place.
 E = Time spent auto-exploring this place.
 F = Levels seen in this place.
 G = Mean time per level.
                   A        B        C        D        E       F      G
               +--------+--------+--------+--------+--------+-----+--------+
         Total |   2783 |   2647 |    136 |    235 |   2062 |   3 |  927.7 |
       Dungeon |   2783 |   2647 |    136 |    235 |   2062 |   3 |  927.7 |
               +--------+--------+--------+--------+--------+-----+--------+

Top non-repeatable levels by time:
     D:1: 1425 daAuts
     D:2: 1241 daAuts
     D:3: 115 daAuts
